 Dungeon Crawl Stone Soup version 0.19.1 (webtiles) character file.

19877 nikopol the Spear-Bearer (level 12, -8/106 HPs)
             Began as a Minotaur Berserker on Nov 24, 2016.
             Was a High Priest of Trog.
             Mangled by Kirke (18 damage)
             ... on level 4 of the Lair of Beasts.
             The game lasted 00:34:04 (14157 turns).

nikopol the Spear-Bearer (Minotaur Berserker)      Turns: 14157, Time: 00:34:05

Health: -8/106     AC:  0    Str: 25    XL:     12   Next: 40%
Magic:  11/11      EV: 19    Int:  4    God:    Trog [*****.]
Gold:   721        SH:  0    Dex: 12    Spells: 0 memorised, 11 levels left

rFire  . . .     SeeInvis .     (weapon currently unavailable)
rCold  . . .     Gourm    +     (armour currently unavailable)
rNeg   . . .     Faith    .     (shield currently unavailable)
rPois  .         Spirit   .     (helmet currently unavailable)
rElec  .         Reflect  .     (cloak currently unavailable)
rCorr  .         Harm     .     (gloves currently unavailable)
MR     .....                    (boots currently unavailable)
Stlth  +.........               o - amulet of the gourmand
                                (ring currently unavailable)
                                (ring currently unavailable)

@: exhausted, pig-form, slowed
A: (retaliatory headbutt), (horns 0)
a: Berserk, Trog's Hand, Brothers in Arms, Burn Spellbooks, Renounce Religion


You were on level 4 of the Lair of Beasts.
You worshipped Trog.
Trog was extremely pleased with you.
You were very full.
You were a filthy swine.
You visited 2 branches of the dungeon, and saw 12 of its levels.
You also visited: Labyrinth.

You collected 721 gold pieces.

Inventory:

Hand Weapons
 a - a +0 trident (melded)
 z - a +1 shortbow
 M - a +0 spear
Missiles
 E - 179 arrows
Armour
 b - a +0 animal skin
 j - a +1 cloak (melded)
 v - a +0 pair of gloves
 D - a +0 ring mail
 J - a +1 pair of gloves
 R - a +1 pair of gloves (melded)
 U - a +0 hat of see invisible (melded)
 Z - the +1 scale mail of Ladders and Snakes (melded) {rF+ Int+4 Dex+3}
   (You found it on level 2 of the Lair of Beasts)

   It affects your intelligence (+4).
   It affects your dexterity (+3).
   It protects you from fire.
Jewellery
 o - an amulet of the gourmand (around neck)
 x - a ring of stealth (melded)
 y - an uncursed ring of magical power {unknown}
 C - an uncursed amulet of regeneration {unknown}
 Q - an uncursed amulet of guardian spirit {unknown}
 X - an uncursed ring of wizardry {unknown}
 Y - an uncursed ring of ice {unknown}
Wands
 d - a wand of flame (26/48)
 i - a wand of slowing (16/48)
 n - a wand of lightning (2/15)
 s - a wand of hasting (3/9)
 u - a wand of iceblast (1/15)
 L - a wand of disintegration (10/24)
 V - a wand of iceblast (8/15)
 W - a wand of lightning (11/15)
Scrolls
 f - 4 scrolls of remove curse
 l - 4 scrolls of fog
 r - a scroll of teleportation
 G - a scroll of recharging {unknown}
 I - 6 scrolls of enchant weapon
 P - a scroll of vulnerability {unknown}
Potions
 e - 3 potions of heal wounds
 h - 6 potions of curing
 k - a potion of haste {unknown}
 m - 3 potions of brilliance
 p - 2 potions of magic
 q - a potion of invisibility {unknown}
 w - 2 potions of resistance
 A - a potion of berserk rage {unknown}
 B - 3 potions of flight
 H - 2 potions of cancellation {unknown}
 K - 2 potions of cure mutation {unknown}
 N - a potion of mutation {unknown}
 T - 3 potions of might {unknown}
Comestibles
 c - 7 bread rations
 g - 9 slices of pizza
 t - 8 meat rations
 F - 20 fruits
 O - a royal jelly
 S - 4 beef jerkies


   Skills:
 + Level 10.2 Fighting
 * Level 13.8 Polearms
 * Level 11.1 Bows
 + Level 9.9 Armour
 + Level 9.1 Dodging


You had 11 spell levels left.
You didn't know any spells.

Dungeon Overview and Level Annotations

Branches:
Dungeon (8/15)             Temple (0/1) D:7            Lair (4/6) D:8
 Shoals (0/4) Lair:4       Spider (0/4) Lair:4

Altars:
Okawaru
Ru
Sif Muna
Xom
The Shining One

Annotations:
Lair:4 Kirke


Innate Abilities, Weirdness & Mutations

((You reflexively headbutt those who attack you in melee.))
((You have a pair of horns on your head.))


Message History

Okay, then.
Your ogre hits something with a giant club!!
You carefully extract the barbed spikes from your body.
Kirke appears from thin air!
Reactivating autopickup.
Your ogre hits the manticore with a giant club!!
The manticore flicks its tail.
The volley of spikes hits your ogre.
Kirke points at you and mumbles some strange words.
You feel a momentary urge to oink.
The manticore flicks its tail.
The volley of spikes hits your ogre.
Your ogre barely misses the manticore.
Kirke hits you.
* * * LOW HITPOINT WARNING * * *
Your ogre barely misses the manticore.
The manticore bites your ogre! The manticore claws your ogre.
Your ogre dies!
Your ogre's corpse disappears in a puff of smoke!
Kirke hits you!!
You die...

########## *###
##..##..#.#######..#
*#P.h@.§H...........#
#...##.###..#.....###
##..*### ###.###...##
##P* ##.##..#.# ##*
##P.......#
##..........
#........... ***
##.......... *,***
##...........


You could see Kirke and a manticore.

Vanquished Creatures
  Gastronok (Lair:1)
  A minotaur (Lab)
  Harold (Lair:1)
  2 black mambas
  7 spiny frogs
  12 blink frogs
  6 yaks
  3 hogs
  A human (D:7)
  7 basilisks
  A steam dragon (D:7)
  2 insubstantial wisps (D:7)
  9 water moccasins
  10 porcupines
  2 ice beasts (D:5)
  3 orc warriors
  4 ogres
  A phantom (D:5)
  4 sky beasts
  6 centaurs
  A necrophage (D:7)
  17 wolves
  5 crocodiles
  3 big kobolds
  17 bullfrogs
  7 scorpions
  6 killer bees (D:7)
  12 wights
  3 electric eels (Lair:3)
  3 crimson imps
  A centaur zombie (D:6)
  3 orc priests (D:7)
  A centaur skeleton (D:6)
  3 bullfrog skeletons
  3 hounds
  Ijyb (D:3)
  3 iguanas
  7 orc wizards
  8 worker ants
  A hound skeleton (D:4)
  A worker ant zombie (D:5)
  9 adders
  A howler monkey skeleton (D:8)
  3 shadow imps
  An ooze (D:2)
  2 worms
  3 dart slugs
  4 leopard geckos
  22 orcs
  3 bats (D:1)
  4 giant cockroaches
  3 goblins
  7 hobgoblins
  17 jackals
  22 kobolds
  3 quokkas
  3 ball pythons
  4 frilled lizards
  2 leopard gecko skeletons
  7 rats
  A butterfly (Lair:2)
  7 fungi (D:8)
  2 plants (D:8)
319 creatures vanquished.

Vanquished Creatures (collateral kills)
  2 hogs (Lair:4)
2 creatures vanquished.

Vanquished Creatures (others)
  2 fungi (Lair:2)
2 creatures vanquished.

Grand Total: 323 creatures vanquished

Notes
Turn   | Place    | Note
-------+----------+-------------------------------------------
     0 | D:1      | nikopol the Minotaur Berserker began the quest for the Orb.
     0 | D:1      | Reached XP level 1. HP: 19/19 MP: 0/0
   395 | D:1      | Reached XP level 2. HP: 27/27 MP: 1/1
   420 | D:1      | Reached skill level 4 in Polearms
   745 | D:1      | Reached ** piety under Trog
   759 | D:1      | Reached XP level 3. HP: 33/33 MP: 2/2
  1447 | D:2      | Reached XP level 4. HP: 30/40 MP: 3/3
  2042 | D:3      | Noticed Ijyb
  2048 | D:3      | Killed Ijyb
  2048 | D:3      | Reached skill level 5 in Polearms
  2282 | D:3      | Found a glowing golden altar of the Shining One.
  2282 | D:3      | Found an iron altar of Okawaru.
  2415 | D:4      | Reached XP level 5. HP: 47/47 MP: 4/4
  2657 | D:4      | Reached XP level 6. HP: 55/55 MP: 5/5
  2697 | D:4      | Reached *** piety under Trog
  2697 | D:4      | Reached skill level 6 in Polearms
  3019 | D:4      | Reached skill level 5 in Fighting
  3386 | D:5      | Entered Level 5 of the Dungeon
  3405 | D:5      | Noticed an ice beast
  3407 | D:5      | Killed an ice beast
  3407 | D:5      | Reached XP level 7. HP: 61/61 MP: 6/6
  3419 | D:5      | Reached skill level 7 in Polearms
  3513 | D:5      | Reached skill level 1 in Bows
  3541 | D:5      | Reached skill level 5 in Armour
  3881 | D:5      | Reached XP level 8. HP: 52/70 MP: 7/7
  3974 | D:5      | Reached skill level 8 in Polearms
  4135 | D:5      | Found a sacrificial altar of Ru.
  4151 | D:5      | Reached **** piety under Trog
  4224 | D:5      | Reached skill level 5 in Dodging
  5156 | D:7      | Reached skill level 9 in Polearms
  5170 | D:7      | Reached XP level 9. HP: 65/78 MP: 8/8
  5174 | D:7      | Reached skill level 5 in Bows
  6211 | D:7      | Reached skill level 10 in Polearms
  6311 | D:7      | Found a staircase to the Ecumenical Temple.
  6332 | D:7      | Received a gift from Trog
  6748 | D:7      | Found a deep blue altar of Sif Muna.
  7213 | D:7      | Reached XP level 10. HP: 82/86 MP: 9/9
  7298 | D:7      | Received a gift from Trog
  7499 | D:8      | Reached skill level 11 in Polearms
  7530 | D:8      | Found a staircase to the Lair.
  8094 | D:8      | Found a shimmering altar of Xom.
  8156 | D:8      | Received a gift from Trog
  8518 | Lair:1   | Entered Level 1 of the Lair of Beasts
  8523 | Lair:1   | Noticed Gastronok
  8549 | Lair:1   | Killed Gastronok
  8726 | Lair:1   | Noticed a spiny frog
  8736 | Lair:1   | Killed a spiny frog
  8736 | Lair:1   | Reached XP level 11. HP: 85/95 MP: 10/10
  8741 | Lair:1   | Noticed Harold
  8765 | Lair:1   | Killed Harold
  8765 | Lair:1   | Reached skill level 12 in Polearms
  8766 | Lair:1   | Reached ***** piety under Trog
 10484 | Lair:1   | Received a gift from Trog
 10948 | Lair:2   | Reached skill level 10 in Bows
 10961 | Lair:2   | Got a steaming scale mail
 10972 | Lair:2   | Identified the +1 scale mail of Ladders and Snakes {rF+ Int+4 Dex+3} (You found it on level 2 of the Lair of Beasts)
 11287 | Lair:2   | Reached skill level 13 in Polearms
 12230 | Lair:3   | Reached XP level 12. HP: 65/106 MP: 11/11
 12505 | Lair:3   | Received a gift from Trog
 13082 | Lair:4   | Reached skill level 10 in Fighting
 13162 | Lair:4   | Found a labyrinth entrance.
 13163 | Lair:4   | Noticed Kirke
 13171 | Lab      | Entered a labyrinth
 13945 | Lab      | Noticed a minotaur
 13956 | Lab      | Killed a minotaur
 14113 | Lair:4   | Received a gift from Trog
 14157 | Lair:4   | Mangled by Kirke

Skill      XL: |  1  2  3  4  5  6  7  8  9 10 11 12 |
---------------+-------------------------------------+-----
Polearms       | 4 5 6 7 9 10 11 13 | 13.8
Armour         | 3 4 5 6 7 8 9 |  9.9
Fighting       | 4 5 6 7 8 9 10 | 10.2
Dodging        | 3 4 5 6 7 8 9 |  9.1
Bows           | 2 4 6 8 10 11 | 11.1

Action                   |  1- 3 |  4- 6 |  7- 9 | 10-12 || total
-------------------------+-------+-------+-------+-------++-------
Melee: Spear             |   112 |   130 |   126 |       ||   368
       Headbutt          |    25 |    21 |    66 |   103 ||   215
       Trident           |       |       |   191 |   475 ||   666
       Unarmed           |       |       |       |     5 ||     5
 Fire: Shortbow          |       |       |   136 |   393 ||   529
Invok: Berserk           |       |     1 |     3 |     6 ||    10
       Burn Spellbooks   |       |     1 |       |     2 ||     3
       Trog's Hand       |       |       |     1 |       ||     1
       Brothers in Arms  |       |       |       |     2 ||     2
Evoke: Wand              |       |       |       |     2 ||     2
  Use: Scroll            |       |       |       |    18 ||    18
 Stab: Sleeping          |       |     1 |       |       ||     1
       Paralysed         |       |       |     1 |       ||     1
       Distracted        |       |       |     1 |       ||     1
  Eat: Chunk             |     2 |     6 |    26 |    27 ||    61
Armor: Animal skin       |    20 |     8 |       |       ||    28
       Ring mail         |       |    18 |    98 |    51 ||   167
       Scale mail        |       |       |       |    64 ||    64
Dodge: Dodged            |    37 |    51 |   155 |   271 ||   514
